 Dungeon Crawl Stone Soup version 0.19-a0-1041-g82b1012 (webtiles) character file.

436 Gorice the Slasher (level 6, -2/47 HPs)
             Began as a Demonspawn Monk on July 30, 2016.
             Was a Believer of Okawaru.
             Slain by Edmund
             ... wielding a +2 dire flail of protection
              (10 damage)
             ... on level 4 of the Dungeon.
             The game lasted 00:13:24 (3408 turns).

Gorice the Slasher (Demonspawn Monk)                Turns: 3408, Time: 00:13:25

Health: -2/47      AC: 11    Str: 18    XL:     6   Next: 69%
Magic:  6/6        EV: 12    Int: 12    God:    Okawaru [**....]
Gold:   187        SH:  0    Dex: 15    Spells: 0 memorised, 5 levels left

rFire  . . .     SeeInvis .     a - +0 long sword
rCold  . . .     Gourm    .     k - +1 ring mail (curse)
rNeg   . . .     Faith    .     (no shield)
rPois  .         Spirit   .     u - +2 helmet
rElec  .         Dismiss  .     w - +1 cloak
rCorr  .         Reflect  .     (no gloves)
SustAt .         Harm     .     (no boots)
MR     .....                    (no amulet)
Stlth  +.........               (no ring)
                                (no ring)

@: mighty, not resistant to hostile enchantments, very unstealthy
A: claws 1, powered by death 1
a: Heroism, Renounce Religion


You were on level 4 of the Dungeon.
You worshipped Okawaru.
Okawaru was pleased with you.
You were hungry.

You visited 2 branches of the dungeon, and saw 5 of its levels.

You collected 187 gold pieces.

Inventory:

Hand Weapons
 a - a +0 long sword (weapon)
 h - a +0 falchion
Missiles
 e - 50 sling bullets
 f - 27 bolts
 g - 11 poisoned needles
 Z - 47 stones (quivered)
Armour
 k - a cursed +1 ring mail (worn)
 n - a +0 helmet
 r - a +0 chain mail
 u - a +2 helmet (worn)
 w - a +1 cloak (worn)
Jewellery
 j - an uncursed ring of ice
Wands
 t - a wand of teleportation (6/9) {!d}
Scrolls
 i - a scroll of magic mapping {unknown}
 q - a scroll of recharging
Potions
 d - a potion of cancellation {!q}
 m - 2 potions of curing
 v - a potion of ambrosia
Books
 p - a book of Flames
Comestibles
 c - 6 bread rations {!e}
 l - a beef jerky
 o - a chunk of flesh
 s - a royal jelly


   Skills:
 - Level 3.0 Fighting
 * Level 7.0 Long Blades
 - Level 2.6 Dodging
 - Level 1.7 Stealth


You had 5 spell levels left.
You didn't know any spells.

Dungeon Overview and Level Annotations

Branches:
Dungeon (4/15)             Temple (1/1) D:4

Altars:
Ashenzari
Cheibriados
Dithmenos
Elyvilon
Fedhas
Gozag
Hepliaklqana
Kikubaaqudgha
Makhleb
Nemelex Xobeh
Okawaru
Pakellas
Qazlal
Ru
Trog
Uskayaw
Xom
Yredelemnul
Zin
The Shining One

Annotations:
D:2 vpUX: Zin altar, $ behind grate
D:4 Edmund


Innate Abilities, Weirdness & Mutations

You have sharp fingernails.
You regenerate a little health from kills.


Message History

Damage: 7 (max 7)
You closely miss Edmund.
Edmund is severely wounded.
The iguana misses you.
You riposte.
You barely miss the iguana. You hit Edmund but do no damage.
Edmund is severely wounded.
You feel like a meek peon again.
Edmund hits you with a dire flail of protection!
* * * LOW HITPOINT WARNING * * *
The iguana bites you!
* * * LOW HITPOINT WARNING * * *
Damage: 16 (max 16) Edmund misses you.
You riposte.
You closely miss Edmund.
Edmund is heavily wounded.
Edmund clears his throat.
You hit Edmund but do no damage.
Edmund is heavily wounded.
You are feeling hungry.
Edmund hits you but does no damage.
You hit Edmund but do no damage.
Edmund is heavily wounded.
Edmund hits you with a dire flail of protection.
* * * LOW HITPOINT WARNING * * *
Damage: 4 (max 16) Unknown command.
You feel better. Edmund barely misses you.
Really quaff
b - a potion of might {!q}?
You feel very mighty all of a sudden.
You slash Edmund!
Edmund is severely wounded.
Edmund hits you with a dire flail of protection.
* * * LOW HITPOINT WARNING * * *
Damage: 4 (max 16)
You hit Edmund but do no damage.
Edmund is severely wounded.
Edmund hits you with a dire flail of protection.
* * * LOW HITPOINT WARNING * * *
Damage: 2 (max 16)
You hit Edmund but do no damage.
Edmund is severely wounded.
Edmund closely misses you.
You barely miss Edmund.
Edmund is severely wounded.
Edmund hits you with a dire flail of protection.
* * * LOW HITPOINT WARNING * * *
Damage: 6 (max 16)
You barely miss Edmund.
Edmund is severely wounded.
Edmund hits you with a dire flail of protection!
You die...

#........##.#.#..#...# #
#........##.#.#..#...# #
#........##.#.#..#.#### ##
######........##.#.........#
#.
#.............##.#....#....#
#.
#........#....##.#...###...#
#.
#........#....##....#####..##
#.
#........#....##.[.###.###..#
#.
########.....l@@..###._.###.#
#. #......##...###.###..# #.
#).....##....#'#'#..## #.
#......#####..###...#####
#......###.....#.......#
#...#......<.#.....#.#.#
#...#........##........#.
#####........##....#.#.#g
#................#.#.


You could see Edmund and an iguana.

Vanquished Creatures
  A phantom (D:4)
  An ogre (D:4)
  A giant frog zombie (D:4)
  An orc priest (D:3)
  A giant frog skeleton (D:4)
  Robin (D:3)
  A gnoll (D:4)
  4 adders
  3 oozes
  A worm (D:3)
  5 dart slugs
  8 orcs
  3 giant cockroaches
  18 hobgoblins
  9 jackals
  6 kobolds
  2 quokkas (D:2)
  3 bats
  A giant newt (D:2)
  11 goblins
  10 rats
91 creatures vanquished.

Notes
Turn   | Place    | Note
-------+----------+-------------------------------------------
     0 | D:1      | Gorice the Demonspawn Monk began the quest for the Orb.
     0 | D:1      | Reached XP level 1. HP: 18/18 MP: 1/1
    47 | D:1      | Reached skill level 3 in Long Blades
   183 | D:1      | Gained mutation: You regenerate a little health from kills. [demonic ancestry]
   183 | D:1      | Reached XP level 2. HP: 16/24 MP: 2/2
   639 | D:1      | Reached XP level 3. HP: 29/29 MP: 3/3
   877 | D:2      | Reached skill level 4 in Long Blades
  1155 | D:2      | Found a faded altar of an unknown god.
  1213 | D:2      | Found a shattered altar of Ashenzari.
  1249 | D:2      | Reached XP level 4. HP: 32/35 MP: 4/4
  1312 | D:2      | Found a glowing silver altar of Zin.
  1525 | D:3      | Found an oddly glowing altar of Pakellas.
  1853 | D:3      | Noticed Robin
  1867 | D:3      | Reached skill level 5 in Long Blades
  1874 | D:3      | Killed Robin
  1879 | D:3      | HP: 8/35 [hobgoblin[Robin] (3)]
  1887 | D:3      | HP: 8/35 [hobgoblin[Robin] (1)]
  2158 | D:3      | Reached XP level 5. HP: 29/41 MP: 5/5
  2517 | D:4      | Found a staircase to the Ecumenical Temple.
  2554 | Temple   | Entered the Ecumenical Temple
  2762 | Temple   | Became a worshipper of Warmaster Okawaru
  2762 | Temple   | Reached * piety under Okawaru
  2762 | Temple   | Reached ** piety under Okawaru
  2808 | D:4      | Noticed an ogre
  2809 | D:4      | Noticed a phantom
  2837 | D:4      | Found a sacrificial altar of Ru.
  2852 | D:4      | Killed an ogre
  2852 | D:4      | Reached skill level 6 in Long Blades
  2895 | D:4      | Killed a phantom
  2895 | D:4      | Gained mutation: You have sharp fingernails. [demonic ancestry]
  2895 | D:4      | Reached XP level 6. HP: 33/47 MP: 6/6
  2955 | D:4      | HP: 11/47 [orc priest/divine providence (12)]
  2957 | D:4      | HP: 5/47 [orc/trident (5)]
  3327 | D:4      | Found a sparkling altar of Nemelex Xobeh.
  3346 | D:4      | Reached skill level 7 in Long Blades
  3372 | D:4      | Noticed Edmund
  3387 | D:4      | HP: 11/47 [iguana (8)]
  3401 | D:4      | HP: 9/47 [Edmund/dire flail of protection (5)]
  3407 | D:4      | HP: 7/47 [Edmund/dire flail of protection (6)]
  3408 | D:4      | Slain by Edmund

Vault maps used:
D:1:      minmay_arrival_wavy_path
D:2:      ashenzari_conservatory_becter, zin_treasury, ecumenical_altar_1,
          minmay_misc_feat_x
D:3:      lemuel_doored_altar, first_bread, uniq_robin
D:4:      minmay_opposing_rooms, lemuel_crystal_altar,
          nemelex_diamond_rough_becter, uniq_edmund
Temple:   eino_temple_rhombus

Skill      XL: |  1  2  3  4  5  6 |
---------------+-------------------+-----
Long Blades    | 3 4 5 6 7 |  7.0
Fighting       | |  3.0
Dodging        | |  2.6
Stealth        | |  1.7

Action                   |  1- 3 |  4- 6 || total
-------------------------+-------+-------++-------
Melee: Falchion          |   115 |       ||   115
       Long sword        |    24 |   230 ||   254
Throw: Stone             |     1 |     4 ||     5
Invok: Heroism           |       |     3 ||     3
  Use: Scroll            |     7 |     5 ||    12
       Potion            |       |     2 ||     2
 Stab: Sleeping          |       |     2 ||     2
  Eat: Chunk             |     1 |     7 ||     8
Armor: Chain mail        |    34 |       ||    34
       Robe              |     1 |       ||     1
       Ring mail         |    19 |    70 ||    89
Dodge: Dodged            |    55 |   110 ||   165

Table legend:
 A = Turns spent in this place as a percentage of turns spent in the entire game.
 B = Non-inter-level travel turns spent in this place as a percentage of non-inter-level travel turns spent in the entire game.
 C = Inter-level travel turns spent in this place as a percentage of turns spent in this place.
 D = Turns resting spent in this place as a percentage of non-inter-level travel turns spent in this place.
 E = Turns spent auto-exploring this place as a percentage of non-inter-level travel turns spent in this place.
 F = Non-inter-level travel turns spent in this place divided by the number of levels of this place that you've seen.
                   A       B       C       D       E      F
               +-------+-------+-------+-------+-------+----------------------
         Total | 100.0 | 100.0 |   0.6 |   1.7 |   7.4 | 239.4
       Dungeon |  97.6 |  97.8 |   0.3 |   1.7 |   6.1 | 292.8
        Temple |   2.4 |   2.2 |  10.3 |   0.0 |  61.5 |  26.0
               +-------+-------+-------+-------+-------+----------------------

Vault maps used:
D:1:      minmay_arrival_wavy_path
D:2:      ashenzari_conservatory_becter, zin_treasury, ecumenical_altar_1,
          minmay_misc_feat_x
D:3:      lemuel_doored_altar, first_bread, uniq_robin
D:4:      minmay_opposing_rooms, lemuel_crystal_altar,
          nemelex_diamond_rough_becter, uniq_edmund
Temple:   eino_temple_rhombus
